 Dungeon Crawl Stone Soup version 0.26-a0-631-ged93497179 (webtiles) character file.

Game seed: 2037235157801233660

19 MrRokkomies the Sneak (level 2, -2/26 HPs)
             Began as a Demigod Delver on Sept 12, 2020.
             Slain by a centaur (3 damage)
             ... on level 5 of the Dungeon.
             The game lasted 00:01:02 (440 turns).

MrRokkomies the Sneak (Demigod Delver)               Turns: 440, Time: 00:01:04

Health: -2/26      AC:  3    Str: 15    XL:     2   Next: 39%
Magic:  4/4        EV: 12    Int: 14    God:
Gold:   0          SH:  0    Dex: 17    Spells: 1/1 levels left

rFire    . . .     SeeInvis .   a - +0 falchion
rCold    . . .     Faith    .   (no shield)
rNeg     . . .     Spirit   .   b - +0 leather armour
rPois    .         Reflect  .   (no helmet)
rElec    .         Harm     .   (no cloak)
rCorr    .         Rampage  .   (no gloves)
MR       .....                  (no boots)
Stlth    +++.......             (no amulet)
HPRegen  0.08/turn              (no ring)
MPRegen  0.09/turn              (no ring)

@: no status effects
A: high mp 1
a: no special abilities


You were on level 5 of the Dungeon.
You visited 1 branch of the dungeon, and saw 1 of its levels.

Inventory:

Hand Weapons
 a - a +0 falchion (weapon)
Missiles
 h - 15 poisoned darts (quivered)
Armour
 b - a +0 leather armour (worn)
Wands
 g - a wand of digging (3)
Scrolls
 c - a scroll of fog
 d - a scroll of magic mapping
 e - a scroll of fear
 i - a scroll of identify {unknown}
Potions
 f - a potion of haste


   Skills:
 * Level 3.1 Fighting
 * Level 2.2 Long Blades
 + Level 2.0 Dodging
 - Level 4.5 Stealth


You had one spell level left.
You didn't know any spells.
Your spell library was empty.

Dungeon Overview and Level Annotations

Branches:
Dungeon (5/15)
 Temple: D:4-7


Innate Abilities, Weirdness & Mutations

You have an increased reservoir of magic. (+10% MP)


Message History

The hound barks!
The hound bites you but does no damage. The hound barely misses you.
Found a war axe.
You closely miss the hound.
The centaur shouts!
The hound bites you. The hound closely misses you.
You riposte.
You barely miss the hound. You closely miss the hound. The hound bites you.
The centaur hits you.
You closely miss the centaur. The hound closely misses you.
The centaur hits you. The hound bites you.
* * * LOW HITPOINT WARNING * * *
The centaur hits you.
* * * LOW HITPOINT WARNING * * *
You hit the centaur.
The centaur is lightly wounded.
The hound pauses to sniff the ground.
The hound barely misses you.
You riposte.
You hit the hound.
The hound is moderately wounded.
The centaur hits you.
You die...

................##
.................##.#
.....##.............
....###........#...
.....####......#..##
#.#.## ##....##...##
..#######...#.......#
..####...#.###...c..#
...##.......##..@h..#
#..............###....#
###...................#
#.#.................#
###........#....#...).
#.......###..## ....
##.##...# ##.. .
######## ... ....


You could see a centaur and a hound.

Vanquished Creatures
  A worker ant zombie (D:5)
  An adder (D:5)
2 creatures vanquished.

Notes
Turn   | Place    | Note
-------+----------+-------------------------------------------
     0 | D:5      | MrRokkomies the Demigod Delver began the quest for the Orb.
     0 | D:5      | Reached XP level 1. HP: 18/18 MP: 3/3
   282 | D:5      | Reached XP level 2. HP: 15/26 MP: 4/4
   434 | D:5      | Noticed a centaur
   439 | D:5      | HP: 1/26 [centaur (6)]
   440 | D:5      | Slain by a centaur

Illustrated notes

Levels and vault maps discovered:
D:5:      minmay_inner_zag, layout_cave_pools,
          lightli_ossuary_entry_decrepit_ruins, due_unseen_surprise, uniq_pikel

Skill      XL: |  1 |
---------------+----+-----
Long Blades    | 2 |  2.2
Fighting       | 3 |  3.1
Dodging        | 2 |  2.0
Stealth        | |  4.5

Action                   || total
-------------------------++-------
Melee: Falchion          ||    15
Throw: Dart              ||     9
Armor: Leather armour    ||     6
Dodge: Dodged            ||    19
       Rpst.: Falchion   ||     9

Table legend: (Time is in decaauts)
 A = Elapsed time spent in this place.
 B = Non-inter-level travel time spent in this place.
 C = Inter-level travel time spent in this place.
 D = Time resting spent in this place.
 E = Time spent auto-exploring this place.
 F = Levels seen in this place.
 G = Mean time per level.
                   A        B        C        D        E       F      G
               +--------+--------+--------+--------+--------+-----+--------+
         Total |    442 |    442 |      0 |     48 |    308 |   1 |  442.0 |
       Dungeon |    442 |    442 |      0 |     48 |    308 |   1 |  442.0 |
               +--------+--------+--------+--------+--------+-----+--------+

Top non-repeatable levels by time:
     D:5: 442 daAuts
